 Dungeon Crawl Stone Soup version 0.30-a0-626-gd6a5dd7a1f (webtiles) character file.

Game seed: 10964872935094870287

28 NinjaNoafa the Conjurer (level 3, -2/25 HPs)
             Began as a Gnoll Wanderer on Jan 11, 2023.
             Slain by Terence
             ... wielding a +0 hand axe of freezing
              (3 damage)
             ... on level 2 of the Dungeon.
             The game lasted 00:03:41 (1440 turns).

NinjaNoafa the Conjurer (Gnoll Wanderer)            Turns: 1440, Time: 00:03:41

Health: -2/25      AC:  4    Str: 12    XL:     3   Next: 12%
Magic:  0/9        EV: 11    Int: 12    God:
Gold:   73         SH:  0    Dex: 11    Spells: 10/12 levels left

rFire   . . .      SeeInvis .    f - +0 dagger
rCold   . . .      Faith    .    (no shield)
rNeg    . . .      Spirit   .    c - +0 leather armour
rPois   .          Reflect  .    (no helmet)
rElec   .          Harm     .    (no cloak)
rCorr   .          Rampage  .    d - +0 pair of gloves
Will    .....                    (no boots)
Stlth   ++                       (no amulet)
HPRegen 0.24/turn                i - +4 ring of slaying
MPRegen 0.11/turn                (no ring)

@: no status effects
A: fangs 1, strong nose, distributed training
a: no special abilities


You were on level 2 of the Dungeon.
You visited 1 branch of the dungeon, and saw 2 of its levels.

You collected 73 gold pieces.

Inventory:

Hand Weapons
 f - a +0 dagger (weapon)
Missiles
 a - 6 boomerangs (quivered)
Armour
 c - a +0 leather armour (worn)
 d - a +0 pair of gloves (worn)
Jewellery
 i - a +4 ring of slaying (left hand)
Wands
 k - a wand of digging (9)
Scrolls
 b - a scroll of fog
 h - a scroll of fear {unknown}
Potions
 e - a potion of haste {unknown}
 g - 2 potions of mutation {unknown}
 j - a potion of brilliance {unknown}


   Skills:
 + Level 0.7 Fighting
 + Level 0.7 Short Blades
 + Level 0.7 Long Blades
 + Level 0.7 Axes
 + Level 0.7 Maces & Flails
 + Level 0.7 Polearms
 + Level 0.7 Staves
 + Level 0.7 Ranged Weapons
 + Level 0.7 Throwing
 + Level 2.6 Armour
 + Level 0.7 Dodging
 + Level 2.3 Stealth
 + Level 0.7 Shields
 + Level 0.7 Unarmed Combat
 + Level 5.0 Spellcasting
 + Level 7.1 Conjurations
 + Level 0.5 Hexes
 + Level 0.5 Summonings
 + Level 0.5 Necromancy
 + Level 0.5 Translocations
 + Level 0.5 Transmutations
 + Level 0.5 Fire Magic
 + Level 0.5 Ice Magic
 + Level 0.5 Air Magic
 + Level 0.5 Earth Magic
 + Level 0.5 Poison Magic
 + Level 2.6 Invocations
 + Level 2.6 Evocations


You had 10 spell levels left.
You knew the following spells:

 Your Spells              Type           Power      Damage    Failure   Level
a - Foxfire               Conj/Fire      48%        2x1d6     5%          1
b - Shock                 Conj/Air       48%        1d6       5%          1

Your spell library contained the following spells:

 Spells                   Type           Power      Damage    Failure   Level
 Momentum Strike          Conj/Tloc      24%        3d8       9%          2
 Apportation              Tloc           8%         N/A       21%         1
 Vhi's Electric Charge    Tloc/Air       8%         N/A       52%         3


Dungeon Overview and Level Annotations

Branches:
Dungeon (2/15)

Altars:

Annotations:
D:2 Natasha, Terence


Innate Abilities, Weirdness & Mutations

You have very sharp teeth.
Your uncanny sense of smell can sniff out nearby items.
Your experience applies equally to all skills.


Message History

You conjure some foxfire!
Terence closely misses you. Terence misses your foxfire.
Your foxfire dissipates!
Terence attacks as you move away!
Terence hits you with a +0 hand axe of freezing.
Terence freezes you. Terence closely misses your foxfire.
The foxfire hits Terence.
Terence is moderately wounded.
Casting: Foxfire (safe; 5% risk of failure)
Confirm with . or Enter, or press ? or * to list all spells.
You conjure some foxfire!
Terence misses you.
The foxfire hits Terence.
Terence is heavily wounded.
The foxfire hits Terence but does no damage.
Terence is heavily wounded.
You hit Terence.
Terence is severely wounded.
Casting: Foxfire (safe; 5% risk of failure)
Confirm with . or Enter, or press ? or * to list all spells.
You conjure some foxfire!
Terence misses you. Terence barely misses your foxfire.
Terence hits your foxfire with a +0 hand axe of freezing.
Terence freezes your foxfire.
You barely miss Terence.
Terence is severely wounded.
The foxfire hits Terence.
Terence is almost dead.
The foxfire hits Terence.
Terence is almost dead.
Terence hits you with a +0 hand axe of freezing.
Terence freezes you.
* * * LOW HITPOINT WARNING * * *
Natasha, Servant of Life and Death comes into view.
You hit Terence but do no damage. You punch Terence, but do no damage.
Your bite misses Terence.
Terence is almost dead.
Terence hits you with a +0 hand axe of freezing.
* * * LOW HITPOINT WARNING * * *
Terence freezes you.
You die...

####.......##
#..###..##
#..#......
#....#..##
#..###..## #
#......... #.
#########.
#.####### #.
#..@....### #.
###@....... #.
#####.#.#...#.
#.
#..>.###......
#. #...##
#....h ..
#).## #....
#...## ....
#....# ...
#####.# ..


You could see Terence and Natasha.

Vanquished Creatures
  2 dart slugs (D:1)
  3 bats
  An endoplasm (D:1)
  2 giant cockroaches (D:1)
  A hobgoblin (D:1)
  3 jackals (D:2)
  A quokka (D:1)
  A ball python (D:1)
  2 goblins
  3 kobolds (D:1)
  3 rats (D:1)
22 creatures vanquished.

Vanquished Creatures (collateral kills)
  2 foxfires (D:1)
2 creatures vanquished.

Vanquished Creatures (others)
  62 foxfires
62 creatures vanquished.

Grand Total: 86 creatures vanquished

Notes
Turn   | Place    | Note
-------+----------+-------------------------------------------
     0 | D:1      | NinjaNoafa the Gnoll Wanderer began the quest for the Orb.
     0 | D:1      | NinjaNoafa set off with the following items: a +0 club, a
                  | scroll of fog, a +0 leather armour, a +0 pair of gloves;
                  | and the following spells available to memorise: Foxfire,
                  | Shock, Momentum Strike, Apportation, Vhi's Electric Charge.
     0 | D:1      | Reached XP level 1. HP: 13/13 MP: 6/6
     2 | D:1      | Learned a level 1 spell: Foxfire
     4 | D:1      | Learned a level 1 spell: Shock
   258 | D:1      | Reached XP level 2. HP: 19/19 MP: 3/7
  1263 | D:2      | Reached skill level 5 in Spellcasting
  1263 | D:2      | Reached XP level 3. HP: 19/25 MP: 4/9
  1418 | D:2      | Noticed Terence
  1439 | D:2      | Noticed Natasha
  1440 | D:2      | HP: 1/25 [Terence/+0 hand axe of freezing (6)]
  1440 | D:2      | Slain by Terence

Illustrated notes

Levels and vault maps discovered:
D:1:      shiori_arrival_whats_in_store_for_you, layout_loops_corners,
          serial_forest, infiniplex_forest_clump_long,
          infiniplex_forest_straight_5, infiniplex_forest_lined_2,
          infiniplex_forest_straight_2, infiniplex_forest_corner_1,
          infiniplex_forest_split, minmay_ruptured
D:2:      layout_loops_cross, uniq_natasha, uniq_terence

Skill      XL: |  1  2 |
---------------+-------+-----
Spellcasting   | 5 |  5.0
Fighting       | |  0.7
Short Blades   | |  0.7
Long Blades    | |  0.7
Axes           | |  0.7
Maces & Flails | |  0.7
Polearms       | |  0.7
Staves         | |  0.7
Ranged Weapons | |  0.7
Throwing       | |  0.7
Armour         | |  2.6
Dodging        | |  0.7
Stealth        | |  2.3
Shields        | |  0.7
Unarmed Combat | |  0.7
Conjurations   | |  7.1
Hexes          | |  0.5
Summonings     | |  0.5
Necromancy     | |  0.5
Translocations | |  0.5
Transmutations | |  0.5
Fire Magic     | |  0.5
Ice Magic      | |  0.5
Air Magic      | |  0.5
Earth Magic    | |  0.5
Poison Magic   | |  0.5
Invocations    | |  2.6
Evocations     | |  2.6

Action                   || total
-------------------------++-------
Melee: Club              ||     1
       Dagger            ||    10
       Punch             ||     1
Throw: Boomerang         ||     5
 Cast: Foxfire           ||    44
       Shock             ||     5
Armor: Leather armour    ||     6
Dodge: Dodged            ||    13

Table legend: (Time is in decaauts)
 A = Elapsed time spent in this place.
 B = Non-inter-level travel time spent in this place.
 C = Inter-level travel time spent in this place.
 D = Time resting spent in this place.
 E = Time spent auto-exploring this place.
 F = Levels seen in this place.
 G = Mean time per level.
                   A        B        C        D        E       F      G
               +--------+--------+--------+--------+--------+-----+--------+
         Total |   1440 |   1388 |     52 |      0 |   1222 |   2 |  720.0 |
       Dungeon |   1440 |   1388 |     52 |      0 |   1222 |   2 |  720.0 |
               +--------+--------+--------+--------+--------+-----+--------+

Top non-repeatable levels by time:
     D:1: 1255 daAuts
     D:2: 184 daAuts
